 Dungeon Crawl Stone Soup version 0.23.2 (webtiles) character file.

Game seed: 13383356241879780598

79 Menchi the Magician (level 4, -3/24 HPs)
             Began as a Kobold Wizard on Apr 11, 2019.
             Was a Follower of Dithmenos.
             Killed from afar by an orc wizard (13 damage)
             ... with a puff of flame
             ... on level 3 of the Dungeon.
             The game lasted 00:10:13 (2955 turns).

Menchi the Magician (Kobold Wizard)                 Turns: 2955, Time: 00:10:15

Health: -3/24      AC:  3    Str:  4    XL:     4   Next: 62%
Magic:  4/10       EV: 15    Int: 19    God:    Dithmenos [*.....]
Gold:   142        SH:  0    Dex: 14    Spells: 7/11 levels left

rFire    . . .     SeeInvis .   m - +2 short sword (venom)
rCold    . . .     Gourm    .   (shield restricted)
rNeg     . . .     Faith    .   a - +0 robe
rPois    .         Spirit   .   b - +0 hat
rElec    .         Reflect  .   (no cloak)
rCorr    .         Harm     .   (no gloves)
MR       .....                  o - +0 pair of boots (curse)
Stlth    +++.......             (no amulet)
HPRegen  0.08/turn              (no ring)
MPRegen  0.12/turn              (no ring)

@: wreathed by umbra
A: small, carnivore
a: Renounce Religion


You were on level 3 of the Dungeon.
You worshipped Dithmenos.
Dithmenos was aware of your devotion.
You were completely stuffed.

You visited 1 branch of the dungeon, and saw 3 of its levels.

You collected 142 gold pieces.

Inventory:

Hand Weapons
 m - a +2 short sword of venom (weapon)
Armour
 a - a +0 robe (worn)
 b - a +0 hat (worn)
 o - a cursed +0 pair of boots (worn)
Scrolls
 c - 2 scrolls of teleportation {unknown}
 f - 2 scrolls of enchant armour {unknown}
 h - a scroll of immolation {unknown}
 k - 2 scrolls of blinking {unknown}
 n - 2 scrolls of remove curse
 p - a scroll of enchant weapon
 s - a scroll of noise {unknown}
 t - a scroll of random uselessness {unknown}
 u - a scroll of identify {unknown}
 v - a scroll of amnesia {unknown}
Potions
 e - a potion of curing {unknown}
 g - 4 potions of heal wounds {unknown}
 i - a potion of invisibility {unknown}
 j - 3 potions of lignification {unknown}
 l - a potion of brilliance {unknown}
 q - 2 potions of might {unknown}
Comestibles
 d - 7 rations
 r - a chunk of flesh


   Skills:
 + Level 0.5 Fighting
 * Level 1.9 Short Blades
 + Level 3.0 Dodging
 * Level 3.6 Stealth
 + Level 4.0 Spellcasting
 * Level 1.5 Conjurations
   Level 1.0 Summonings
   Level 1.0 Translocations
 * Level 0.2 Fire Magic


You had 7 spell levels left.
You knew the following spells:

 Your Spells              Type           Power        Failure   Level  Hunger
a - Magic Dart            Conj           #...         8%          1    None
b - Conjure Flame         Conj/Fire      #.......     28%         3    ###....

Your spell library contained the following spells:

 Spells                   Type           Power        Failure   Level  Hunger
 Blink                    Tloc           N/A          14%         2    ##.....
 Call Imp                 Summ           #.......     14%         2    ##.....
 Slow                     Hex            #.......     21%         2    ##.....
 Mephitic Cloud           Conj/Pois/Air  #.......     32%         3    ###....


Dungeon Overview and Level Annotations

Branches:
Dungeon (3/15)

Altars:
Dithmenos


Innate Abilities, Weirdness & Mutations

You are small and have problems with some larger weapons.
You are carnivorous and can eat meat at any time.


Message History

The magic dart hits you!
Casting: Conjure Flame (safe; 28% risk of failure)
Confirm with . or Enter, or press ? or * to list all spells.
Aiming: Conjure Flame (safe; 28% risk of failure)
Press: ? - help, Dir - move target cursor You see a ghostly outline there, and the spell fizzles.
You hear some strange, mumbled words.
You are confused.
You're too confused to cast spells.
You closely miss something. Something hits you but does no damage.
You completely miss something. Something hits you.
You bump into the rock wall.
Something hits you.
You bump into the rock wall.
Something barely misses you.
You miss something.
You feel less confused.
You hear some strange, mumbled words.
A puff of flame appears from out of thin air!
The puff of flame hits you!
Ouch! That really hurt!
You die...

### #.########### ######
#...........################.....
#.#########.#.{{@..[..........###
#.# #...##############..# #.#
###.# #..# #.# #.#.# #..# ..#
#..o##############..### ###
#'#......#..........##.
#....{.)o..#.########.##.
#..........'....oo.......
#..........#.########.#..


There were no monsters in sight!

Vanquished Creatures
  An adder (D:2)
  2 worms (D:2)
  2 dart slugs (D:1)
  2 leopard geckos
  4 orcs
  5 giant cockroaches
  6 goblins
  3 hobgoblins (D:1)
  3 quokkas
  3 ball pythons
  5 bats
  6 frilled lizards
  6 kobolds
  7 rats
55 creatures vanquished.

Notes
Turn   | Place    | Note
-------+----------+-------------------------------------------
     0 | D:1      | Menchi the Kobold Wizard began the quest for the Orb.
     0 | D:1      | Reached XP level 1. HP: 10/10 MP: 4/4
   207 | D:1      | Reached XP level 2. HP: 13/15 MP: 2/6
  1008 | D:1      | Reached XP level 3. HP: 19/19 MP: 5/8
  1013 | D:1      | Learned a level 3 spell: Conjure Flame
  1419 | D:2      | Found a shadowy altar of Dithmenos.
  1432 | D:2      | Became a worshipper of Dithmenos the Shadowed
  1494 | D:2      | Reached skill level 1 in Short Blades
  1494 | D:2      | Reached skill level 4 in Spellcasting
  1538 | D:2      | Reached XP level 4. HP: 2/24 MP: 10/10
  2375 | D:2      | Reached * piety under Dithmenos
  2955 | D:3      | Killed from afar by an orc wizard

Skill      XL: |  1  2  3  4 |
---------------+-------------+-----
Stealth        | 3 |  3.6
Short Blades   | 1 |  1.9
Spellcasting   | 4 |  4.0
Dodging        | 3 |  3.0
Fighting       | |  0.5
Conjurations   | |  1.5
Summonings     | |  1.0
Translocations | |  1.0
Fire Magic     | |  0.2

Action                   |  1- 3 |  4- 6 || total
-------------------------+-------+-------++-------
Melee: Unarmed           |    60 |       ||    60
       Club              |    11 |       ||    11
       Short sword       |    50 |    43 ||    93
 Cast: Magic Dart        |    49 |    17 ||    66
       Conjure Flame     |     1 |     5 ||     6
  Use: Scroll            |     2 |       ||     2
 Stab: Sleeping          |     4 |     5 ||     9
  Eat: Chunk             |    11 |     4 ||    15
Armor: Robe              |    28 |     4 ||    32
Dodge: Dodged            |   126 |    19 ||   145
